 Dungeon Crawl Stone Soup version 0.27.1-34-g3ba077fa99 (webtiles) character file.

Game seed: 14913757366916997153

7887 Fek the Spear-Bearer (level 11, -1/95 HPs)
             Began as a Minotaur Berserker on Jan 22, 2022.
             Was a High Priest of Trog.
             Slain by an orc knight (14 damage)
             ... in a bailey.
             The game lasted 00:23:10 (10204 turns).

Fek the Spear-Bearer (Minotaur Berserker)          Turns: 10204, Time: 00:23:10

Health: -1/95      AC: 12    Str: 37    XL:     11   Next: 2%
Magic:  10/10      EV: 14    Int:  4    God:    Trog [*****.]
Gold:   525        SH:  0    Dex: 10    Spells: 10/10 levels left

rFire    x . .     SeeInvis .   B - +11 spear of Deflation {speed, rElec rF- rCorr Str+6}
rCold    . . .     Faith    .   (no shield)
rNeg     . . .     Spirit   .   D - +0 steam dragon scales
rPois    .         Reflect  .   (helmet restricted)
rElec    +         Harm     .   (no cloak)
rCorr    +         Rampage  .   (no gloves)
Will     ++...                  l - +0 pair of boots
Stlth    ++........             (no amulet)
HPRegen  1.25/turn              q - +4 ring of protection
MPRegen  0.12/turn              F - +6 ring of strength

@: strong-willed, on berserk cooldown, regenerating, slowed, very slow
A: horns 2, retaliatory headbutt
a: Renounce Religion, Berserk, Trog's Hand, Brothers in Arms


You were in a bailey.
You worshipped Trog.
Trog was extremely pleased with you.
You visited 1 branch of the dungeon, and saw 10 of its levels.
You also visited: Bailey.

You collected 585 gold pieces.
You spent 60 gold pieces at shops.

Inventory:

Hand Weapons
 B - the +11 spear of Deflation (weapon) {speed, rElec rF- rCorr Str+6}
   (You found it on level 5 of the Dungeon)

   Attacks with this weapon are significantly faster.
   Str:       It affects your strength (+6).
   rF:        It makes you vulnerable to fire.
   rElec:     It insulates you from electricity.
   rCorr:     It protects you from acid and corrosion.
Missiles
 m - 4 throwing nets (quivered)
Armour
 l - a +0 pair of boots (worn)
 s - a +0 kite shield
 D - +0 steam dragon scales (worn)
Jewellery
 q - a +4 ring of protection (left hand)
 u - a ring of ice
 F - a +6 ring of strength (right hand)
Wands
 w - a wand of flame (8)
 G - a wand of mindburst (16)
Scrolls
 d - 3 scrolls of fog {unknown}
 e - a scroll of summoning
 f - 5 scrolls of teleportation {unknown}
 h - a scroll of vulnerability {unknown}
 j - 2 scrolls of magic mapping
 k - a scroll of amnesia {unknown}
 n - 3 scrolls of identify
 p - 2 scrolls of blinking {unknown}
 t - 4 scrolls of noise {unknown}
 v - 2 scrolls of enchant weapon {unknown}
 y - 3 scrolls of enchant armour
 I - a scroll of immolation {unknown}
Potions
 a - 2 potions of haste {unknown}
 b - 2 potions of lignification {unknown}
 c - 3 potions of attraction {unknown}
 g - a potion of mutation {unknown}
 i - 2 potions of curing {unknown}
 o - 6 potions of might {unknown}
 r - 3 potions of flight {unknown}
 x - 2 potions of degeneration {unknown}
 z - 2 potions of magic {unknown}
 C - a potion of cancellation {unknown}
 E - a potion of ambrosia {unknown}
 H - 6 potions of heal wounds {unknown}


   Skills:
 + Level 8.8 Fighting
 - Level 9.2 Long Blades
 - Level 12.0 Polearms
 + Level 0.2 Throwing
 + Level 8.0 Armour
 + Level 7.0 Dodging
 + Level 3.1 Stealth


You had 10 spell levels left.
You didn't know any spells.
Your spell library was empty.

Dungeon Overview and Level Annotations

Branches:
Dungeon (10/15)            Temple (0/1) D:7            Lair (0/6) D:8
    Orc (0/2) D:10         Bailey (1/1)

Altars:
Ashenzari
Cheibriados
Elyvilon
Fedhas
Gozag
Nemelex Xobeh
Qazlal
Ru
Trog
The Shining One

Shops:
D:3 ?   D:4 !

Annotations:
D:9 2 runed translucent doors, exclusion: obsidian statue


Innate Abilities, Weirdness & Mutations

You have a pair of horns on your head.
You reflexively headbutt those who attack you in melee.


Message History

The gnoll is moderately wounded.
The orc no longer looks unusually strong.
The gnoll hits you with a +0 whip.
* * * LOW HITPOINT WARNING * * *
The orc hits you with a +0 club.
* * * LOW HITPOINT WARNING * * *
The orc priest mumbles some strange prayers to Beogh against you.
Beogh smites you!
* * * LOW HITPOINT WARNING * * *
Your skin crawls.
You feel strong-willed.
The orc no longer looks unusually strong.
The orc priest no longer looks unusually strong.
The orc no longer looks unusually strong.
The orc knight no longer looks unusually strong.
The orc knight roars a battlecry!
The orcs go into a battle-frenzy!
The gnoll hits you with a +0 whip.
* * * LOW HITPOINT WARNING * * *
The orc closely misses you. You furiously retaliate!
You headbutt the orc.
The orc no longer looks unusually strong.
The gnoll barely misses you. The orc barely misses you.
The orc warrior no longer looks unusually strong. x2
The orc knight roars a battlecry!
The orcs go into a battle-frenzy!
There is an open gate here.
The gnoll dissolves into shadows!
The orc dissolves into shadows!
The orc hits you but does no damage. The gnoll hits you but does no damage.
The orc priest calls upon Beogh to heal the orc.
The orc's wounds heal themselves!
The gnoll hits you with a +0 whip.
* * * LOW HITPOINT WARNING * * *
The orc dissolves into shadows!
The orc dissolves into shadows!
The gnoll closely misses you. You furiously retaliate!
You headbutt the gnoll!
You kill the gnoll!
The gnoll's corpse dissolves into shadows!
Items here: )) [ รท.
The orc knight hits you from afar with a +0 trident!
You die...

##.....##
###'###
#...#
#...#
#...#
#...#
###'###
##..).[##
#.))@)).#
#..))...#
#...oo..#
#.......#
#.......#
##..oo.##
##oo'##
#.....#
#.....#


You could see an orc knight, 2 orc warriors, an orc priest (summoned, strong)
and 2 orcs.

Vanquished Creatures
  A centaur warrior (D:9)
  3 orc knights (Bailey)
  A kobold demonologist (D:10)
  Prince Ribbit (D:7)
  A vampire (D:9)
  Grum (D:8)
  A steam dragon (D:7)
  Duvessa (D:5)
  An acid dragon (D:9)
  2 water moccasins
  8 orc warriors
  7 ice beasts
  3 ogres
  3 wolves (D:8)
  3 necrophages
  5 centaurs
  3 bullfrogs
  Blork the orc (D:4)
  2 kobold brigands
  2 gnoll sergeants
  2 scorpions (D:6)
  A wyvern zombie (D:9)
  A water moccasin zombie (D:5)
  Dowan (D:5)
  4 wights (D:8)
  A howler monkey (D:6)
  2 centaur zombies
  2 hounds
  4 orc priests
  A centaur skeleton (D:6)
  A gnoll shaman (D:4)
  2 jellies
  6 iguanas
  7 orc wizards
  A hound skeleton (D:5)
  A howler monkey zombie (D:9)
  Robin (D:4)
  10 gnolls
  7 adders
  A shadow imp (D:6)
  A worm (D:2)
  2 dart slugs
  44 orcs
  5 bats
  4 endoplasms
  7 giant cockroaches
  20 goblins
  10 hobgoblins
  A jackal (D:2)
  2 quokkas
  9 ball pythons
  6 frilled lizards
  15 kobolds
  8 rats
240 creatures vanquished.

Vanquished Creatures (others)
  A yak (D:10)
  An orc warrior (D:10)
  A howler monkey (D:10)
  3 fungi (D:4)
  5 toadstools (D:4)
11 creatures vanquished.

Grand Total: 251 creatures vanquished

Notes
Turn   | Place    | Note
-------+----------+-------------------------------------------
     0 | D:1      | Fek the Minotaur Berserker began the quest for the Orb.
     0 | D:1      | Reached XP level 1. HP: 19/19 MP: 0/0
   234 | D:1      | Reached XP level 2. HP: 21/27 MP: 1/1
   587 | D:1      | Found a faded altar of an unknown god.
  1027 | D:2      | Reached XP level 3. HP: 31/34 MP: 2/2
  1202 | D:2      | Reached ** piety under Trog
  1884 | D:2      | Reached XP level 4. HP: 41/41 MP: 3/3
  2124 | D:3      | Reached skill level 5 in Long Blades
  2391 | D:3      | Reached XP level 5. HP: 47/47 MP: 4/4
  2435 | D:3      | Found a white marble altar of Elyvilon.
  2482 | D:3      | Found Laet's Magic Scroll Boutique.
  2485 | D:3      | Bought a scroll of magic mapping for 38 gold pieces
  3032 | D:4      | Found Areal's Distillery.
  3142 | D:3      | Bought a scroll of identify for 22 gold pieces
  3189 | D:4      | Found a stormy altar of Qazlal.
  3213 | D:4      | Reached *** piety under Trog
  3822 | D:4      | Noticed an ice beast
  3827 | D:4      | Killed an ice beast
  3828 | D:4      | Reached skill level 5 in Fighting
  3828 | D:4      | Reached XP level 6. HP: 56/56 MP: 5/5
  3988 | D:4      | Reached skill level 5 in Armour
  3995 | D:4      | Reached XP level 7. HP: 54/61 MP: 6/6
  4120 | D:4      | Noticed Robin
  4130 | D:4      | Killed Robin
  4453 | D:4      | Noticed Blork the orc
  4459 | D:4      | Killed Blork the orc
  4617 | D:5      | Entered Level 5 of the Dungeon
  4728 | D:5      | Reached skill level 1 in Stealth
  4841 | D:5      | Reached XP level 8. HP: 59/70 MP: 7/7
  4945 | D:5      | Found a blossoming altar of Fedhas.
  4990 | D:5      | Noticed Duvessa
  4991 | D:5      | Noticed Dowan
  5002 | D:5      | Killed Duvessa
  5008 | D:5      | Killed Dowan
  5379 | D:5      | Identified the +11 spear of Deflation {speed, rElec rF-
                  | rCorr Str+6}
  5450 | D:5      | Reached **** piety under Trog
  5451 | D:5      | Reached skill level 1 in Polearms
  5667 | D:6      | Reached skill level 2 in Polearms
  5910 | D:6      | Reached skill level 3 in Polearms
  6248 | D:6      | Reached skill level 4 in Polearms
  6248 | D:6      | Reached XP level 9. HP: 78/78 MP: 8/8
  6493 | D:6      | Reached skill level 5 in Polearms
  6642 | D:6      | Reached skill level 6 in Polearms
  6675 | D:6      | Found a sparkling altar of Nemelex Xobeh.
  6871 | D:7      | Found an opulent altar of Gozag.
  6884 | D:7      | Found a bloodstained altar of Trog.
  7000 | D:7      | Found a staircase to the Ecumenical Temple.
  7032 | D:7      | Noticed Prince Ribbit
  7198 | D:7      | Found a snail-covered altar of Cheibriados.
  7212 | D:7      | Reached skill level 7 in Polearms
  7368 | D:7      | Reached skill level 5 in Dodging
  7555 | D:7      | Reached skill level 8 in Polearms
  7708 | D:7      | Killed Prince Ribbit
  7796 | D:8      | Found a broken altar of Ashenzari.
  7811 | D:8      | Noticed Grum
  7813 | D:8      | Reached skill level 9 in Polearms
  7822 | D:8      | Killed Grum
  7822 | D:8      | Reached ***** piety under Trog
  7829 | D:8      | Reached XP level 10. HP: 54/86 MP: 9/9
  8104 | D:8      | Found a glowing golden altar of the Shining One.
  8127 | D:8      | Found a staircase to the Lair.
  8484 | D:9      | Reached skill level 10 in Polearms
  8646 | D:9      | Noticed a centaur warrior
  8661 | D:9      | Killed a centaur warrior
  8929 | D:9      | Found a runed translucent door.
  8960 | D:9      | Found a runed translucent door.
  8972 | D:9      | Found a runed translucent door.
  8988 | D:9      | Found a runed translucent door.
  9009 | D:9      | Found a sacrificial altar of Ru.
  9041 | D:9      | Reached skill level 11 in Polearms
  9444 | D:9      | Noticed an obsidian statue
  9493 | D:10     | Entered Level 10 of the Dungeon
  9514 | D:10     | Found a flagged portal.
  9560 | Bailey   | Entered a bailey
  9963 | Bailey   | Noticed an orc knight
  9963 | Bailey   | Noticed an orc knight
 10016 | Bailey   | Killed an orc knight
 10017 | Bailey   | Reached skill level 12 in Polearms
 10091 | Bailey   | Killed an orc knight
 10168 | Bailey   | Noticed an orc knight
 10168 | Bailey   | Noticed an orc knight
 10185 | Bailey   | Killed an orc knight
 10186 | Bailey   | Reached XP level 11. HP: 45/95 MP: 10/10
 10195 | Bailey   | HP: 3/95 [orc priest/divine providence[an orc warrior]
                  | (15)]
 10204 | Bailey   | Slain by an orc knight

Illustrated notes

Levels and vault maps discovered:
D:1:      heliophobic_arrival_henge, layout_loops_corners, serial_glass,
          glass_columns_b, glass_columns_b, basic_ecumenical_altar,
          minmay_misc_feat_alley
D:2:      layout_basic, minmay_mini_jars
D:3:      layout_loops_cross, mainiacjoe_overflow_six_doors_small,
          serial_aquarium, aquarium_bridge_square [aquarium_subvault_bridge,
          aquarium_subvault_window, aquarium_subvault_bridge,
          aquarium_subvault_bridge], aquarium_bridge_square
          [aquarium_subvault_bridge, aquarium_subvault_wall,
          aquarium_subvault_bridge, aquarium_subvault_balcony],
          aquarium_window_corridor_3, aquarium_window_corner,
          aquarium_window_fake, aquarium_view_2d, aquarium_balcony_3b,
          aquarium_pool_side, serial_shops, nicolae_shop_behind_doors,
          minmay_misc_feat_room, chequers_decorated_corner, minivault_26
D:4:      layout_basic, old_standard_altar, serial_shops, shop,
          chequers_serial_rivers_marsh, minmay_gold_behind_fungi,
          uniq_blork_the_orc, uniq_robin
D:5:      layout_basic, lemuel_doored_altar, kennysheep_generic_room_12,
          uniq_duvessa
D:6:      layout_rooms, mainiacjoe_overflow_alcove_1, minmay_misc_feat_hallway,
          lemuel_flamethrower_1
D:7:      layout_loops_cross, mainiacjoe_overflow_concentric_impassable,
          mainiacjoe_overflow_small_starburst, kennysheep_little_box,
          minmay_temple_entry_proselytizer, serial_co_window_serial,
          co_window_corner_a, co_window_paths_b, co_window_paths_a,
          co_window_paths_b, co_window_paths_a, co_window_paths_a,
          co_window_paths_b, co_window_broadway_c, co_window_corner_b,
          co_window_paths_c, co_window_corner_b, glass_columns_b,
          glass_columns_b, glass_columns_a, glass_columns_b, glass_columns_c,
          minmay_crystal_room, uniq_prince_ribbit1
D:8:      layout_basic, tso_oasis_becter, nicolae_ashenzari_skybound,
          lair_entry_dummy, uniq_grum
D:9:      layout_small_grid, overflow_temple_1_default, serial_glass,
          glass_columns_c, glass_columns_c, grunt_decor_resistance,
          minmay_statue_crystal_thing
D:10:     layout_loops_cross, amcnicky_altar_gilded, xom_confusion_cloud,
          minmay_orc_entry_temple_large, enter_bailey_5
Bailey:   bailey_polearm_5, bailey

Skill      XL: |  1  2  3  4  5  6  7  8  9 10 |
---------------+-------------------------------+-----
Fighting       | 4 5 6 7 8 |  8.8
Long Blades    | 4 5 6 8 9 |  9.2
Armour         | 3 4 5 6 7 8 |  8.0
Dodging        | 3 4 5 7 |  7.0
Stealth        | 1 3 |  3.1
Polearms       | 4 9 12 | 12.0
Throwing       | |  0.2

Action                   |  1- 3 |  4- 6 |  7- 9 | 10-12 || total
-------------------------+-------+-------+-------+-------++-------
Melee: Falchion          |    86 |    84 |   109 |       ||   279
       Headbutt          |    11 |    20 |    61 |    20 ||   112
       Spear             |       |       |   165 |   214 ||   379
Throw: Throwing net      |       |       |     1 |       ||     1
Invok: Berserk           |     1 |     2 |     3 |     5 ||    11
       Trog's Hand       |       |       |       |     2 ||     2
  Use: Scroll            |       |       |       |     1 ||     1
 Stab: Sleeping          |       |       |       |     1 ||     1
Armor: Animal skin       |     9 |       |       |       ||     9
       Ring mail         |    15 |    35 |    53 |       ||   103
       Steam dragon scal |       |       |     2 |    41 ||    43
Dodge: Dodged            |    71 |    48 |    90 |   124 ||   333
       Rpst.: Falchion   |    22 |    10 |    18 |       ||    50
